 Dungeon Crawl Stone Soup version 0.28-a0-1117-g0bdd5ba030 (console) character file.

Game seed: 17210321810036982205

289 petzl the Vexing (level 6, -6/41 HPs)
             Began as an Octopode Arcane Marksman on Dec 11, 2021.
             Mangled by a kobold brigand (9 damage)
             ... in a sewer.
             The game lasted 00:18:01 (4832 turns).

petzl the Vexing (Octopode Arcane Marksman)         Turns: 4832, Time: 00:18:02

Health: -6/41      AC:  1    Str:  6 (9)  XL:     6   Next: 31%
Magic:  7/8        EV: 13    Int: 16 (17) God:
Gold:   138        SH:  0    Dex: 11 (13) Spells: 6/9 levels left

rFire   . . .      SeeInvis .   a - +3 dagger (flame) {!f =f}
rCold   . . .      Faith    .   (no shield)
rNeg    + . .      Spirit   .   (helmet restricted)
rPois   .          Reflect  .   (no amulet)
rElec   +          Harm     .   e - ring of positive energy
rCorr   .          Rampage  .   (no ring)
Will    .....                   (no ring)
Stlth   ++++......              (no ring)
HPRegen 0.13/turn               (no ring)
MPRegen 0.11/turn               (no ring)
                                (no ring)
                                (no ring)

@: mighty
A: almost no armour, amphibious, 8 rings, camouflage 1, gelatinous body 1,
nimble swimmer 1, tentacles, low mp 1, electricity resistance, wild magic 1
a: no special abilities


You were in a sewer.
You visited 1 branch of the dungeon, and saw 5 of its levels.
You also visited: Sewer.

You collected 162 gold pieces.
You spent 24 gold pieces at shops.

Inventory:

Hand Weapons
 a - a +3 dagger of flaming (weapon) {!f =f}
 b - a +0 hand crossbow
 p - a +1 vorpal spear {!f =f}
Missiles
 c - 25 bolts
 l - 32 poisoned darts (quivered)
Armour
 q - a +0 kite shield
Jewellery
 e - a ring of positive energy (left tentacle)
Scrolls
 d - a scroll of fog
 h - a scroll of identify
 i - 2 scrolls of magic mapping
 j - 2 scrolls of enchant armour
 n - a scroll of immolation
Potions
 g - a potion of mutation
 m - a potion of lignification
 o - a potion of heal wounds {unknown}


   Skills:
 + Level 2.5 Fighting
 - Level 2.9 Crossbows
 - Level 2.9 Dodging
 - Level 2.7 Stealth
 + Level 2.3 Spellcasting
 - Level 3.0 Hexes
 + Level 2.0 Air Magic
 + Level 2.4 Poison Magic


You had 6 spell levels left.
You knew the following spells:

 Your Spells              Type           Power      Damage    Failure   Level
a - Slow                  Hex            56%        N/A       10%         1
b - Poisonous Vapours     Pois/Air       22%        N/A       17%         2

Your spell library contained the following spells:

 Spells                   Type           Power      Damage    Failure   Level
 Sting                    Tmut/Pois      28%        1d4       17%         1
 Inner Flame              Hex/Fire       8%         N/A       41%         3
 Portal Projectile        Hex/Tloc       16%        N/A       41%         3
 Cause Fear               Hex            7%         N/A       61%         4
 Olgreb's Toxic Radiance  Pois           12%        N/A       67%         4
 Chain Lightning          Conj/Air       3%         3d4       100%        9
 Fire Storm               Conj/Fire      1%         7d1       100%        9
 Shatter                  Erth           1%         3d5*      100%        9


Dungeon Overview and Level Annotations

Branches:
Dungeon (5/15)              Sewer (1/1)
 Temple: D:4-7

Altars:
Sif Muna

Shops:
D:2 ?   D:3 *[*[[   D:4 *   D:5 *

Annotations:
D:3 exclusion: 2 downstairs, Grinder
D:4 1 runed translucent door, KennySheep's ghost, novice DECj


Innate Abilities, Weirdness & Mutations

You cannot wear most types of armour.
You are amphibious.
You can wear up to eight rings at the same time.
Your skin changes colour to match your surroundings (Stealth+).
Your rubbery body absorbs attacks. (AC +1, EV +1)
You are camouflaged near water. (Stealth+)
You have tentacles for arms and can constrict up to eight enemies at once.
Your magical capacity is low. (-10% MP)
You are resistant to electric shocks. (rElec)
Your spells are a little harder to cast, but a little more powerful.


Message History

You are poisoned.
You feel sick. The kobold brigand closely misses you.
You hit the kobold brigand but do no damage.
Your grab misses the kobold brigand. You squeeze the kobold brigand.
The kobold brigand is lightly wounded.
You feel sick. The kobold brigand misses you.
You hit the kobold brigand. You burn the kobold brigand.
You grab the kobold brigand.
The kobold brigand is moderately wounded.
You constrict the kobold brigand.
You feel sick.
The kobold brigand hits you with a +1 vampiric dagger.
The kobold brigand draws strength from your wounds!
You hit the kobold brigand but do no damage.
The kobold brigand is moderately wounded.
You constrict the kobold brigand.
You feel sick.
The kobold brigand hits you with a +1 vampiric dagger!
* * * LOW HITPOINT WARNING * * *
You hit the kobold brigand but do no damage.
You squeeze the kobold brigand.
The kobold brigand is heavily wounded.
You constrict the kobold brigand.
You feel sick.
The kobold brigand hits you with a +1 vampiric dagger!
* * * LOW HITPOINT WARNING * * *
The kobold brigand draws strength from your wounds!
Really quaff the potion of lignification?
You would drown in your new form.
Unknown command.
Unknown command.
Unknown command.
Okay, then.
It was a potion of degeneration.
There was something very wrong with that liquid.
You feel weakened.
You feel dopey.
You feel clumsy.
You constrict the kobold brigand.
You feel sick.
You are no longer poisoned.
The kobold brigand closely misses you.
It was a potion of might.
You feel very mighty all of a sudden.
You constrict the kobold brigand.
The kobold brigand hits you with a +1 vampiric dagger!
You die...

##########################
†.)..#≈≈≈≈≈≈≈≈≈≈≈≈≈≈≈≈≈≈≈#
≈≈≈≈).≈≈≈≈≈≈≈≈≈≈≈≈≈≈≈÷)≈≈#
≈≈≈≈.#≈≈≈≈≈≈≈≈≈≈≈≈≈≈≈≈))≈#
##≈≈.##################.##
#≈≈.#≈≈≈≈≈≈≈≈≈≈≈≈≈≈.')≈≈#
#≈≈.#≈≈≈≈≈≈≈≈≈≈≈≈≈≈.#)≈≈#
#≈≈.#≈≈≈≈≈≈≈≈≈≈≈≈≈≈.#.≈≈#
#≈≈.#≈≈≈≈≈≈≈≈≈≈≈≈≈≈.#..≈#
#≈≈.#≈≈≈≈≈≈≈≈≈≈≈≈≈..#.)≈###+++##
#≈..#≈≈≈≈≈≈≈≈≈≈≈≈...#.≈@##.....##
#≈≈.####≈#≈≈###≈#.####K###..⌠...#
#≈≈.#.............≈≈#.K.#.....⌠.+
#≈≈...........)..≈≈≈≈...'K⌠._...+
#≈..#....)........≈≈#...#..(..⌠.+
##.####≈##≈##≈###.####.###..⌠...#
#≈≈≈≈≈≈≈≈≈≈≈≈≈≈≈≈...#.≈≈##.....##
#≈≈≈≈≈≈≈≈≈≈≈≈≈≈≈≈≈..#.≈≈###'''##
#≈≈≈≈≈≈≈≈≈≈≈≈≈≈≈≈≈≈.#.≈≈##≈K..≈#
#≈≈≈≈≈≈≈≈≈≈≈≈≈≈≈≈≈≈.#.≈≈##≈...≈#
#≈≈≈≈≈≈≈≈≈≈≈≈≈≈≈≈≈..#).≈##≈...≈#
#≈≈≈≈≈≈≈≈≈≈≈≈≈≈≈≈≈≈.+).≈##≈(..≈#
##########################≈...≈#
#≈(..≈# ##?()##


You could see a kobold brigand and a kobold.

Vanquished Creatures
  A wight (Sewer)
  2 iguanas
  A hound skeleton (D:5)
  A gnoll (D:4)
  4 adders
  A white imp (D:3)
  6 ufetubi
  An adder zombie (Sewer)
  3 dart slugs
  8 orcs
  8 ball pythons
  A bat zombie (Sewer)
  5 endoplasms
  5 giant cockroaches
  A goblin (D:3)
  6 hobgoblins
  3 jackals (D:2)
  3 quokkas
  6 bats
  17 kobolds
  6 rats
89 creatures vanquished.

Vanquished Creatures (others)
  A plant (D:3)
1 creature vanquished.

Grand Total: 90 creatures vanquished

Notes
Turn   | Place    | Note
-------+----------+-------------------------------------------
     0 | D:1      | petzl the Octopode Arcane Marksman began the quest for the
                  | Orb.
     0 | D:1      | Reached XP level 1. HP: 13/13 MP: 2/2
   185 | D:1      | Reached XP level 2. HP: 18/18 MP: 3/3
   215 | D:1      | Reached skill level 1 in Stealth
   823 | D:2      | Found a shimmering blue altar of Sif Muna.
  1028 | D:2      | Reached XP level 3. HP: 23/23 MP: 5/5
  1180 | D:2      | Found Sued Meh's Magic Scroll Boutique.
  1194 | D:2      | Bought a scroll of identify for 24 gold pieces
  1753 | D:3      | Found Unlilum's Antique Armour Boutique.
  1753 | D:3      | Found Ruliuf's Antique Armour Shop.
  1772 | D:3      | Found Heomew's Assorted Antiques.
  1961 | D:3      | Reached XP level 4. HP: 25/29 MP: 6/6
  2330 | D:3      | Found Nurphielu's Antique Armour Boutique.
  2461 | D:3      | Noticed Grinder
  2503 | D:3      | Found Hatawir's Assorted Antiques.
  2576 | D:4      | Noticed KennySheep's ghost (novice DECj)
  2576 | D:4      | Found a runed translucent door.
  2920 | D:4      | Reached XP level 5. HP: 30/34 MP: 8/8
  2970 | D:4      | Identified the +0 chain mail "Haiger" {Drain Int+8 Slay+2
                  | Stlth+}
  3036 | D:4      | Found Fiekh's Assorted Antiques.
  3615 | D:4      | Learned a level 2 spell: Poisonous Vapours
  3621 | D:5      | Entered Level 5 of the Dungeon
  3652 | D:5      | Found Filacseafe's Assorted Antiques.
  3920 | D:5      | Reached skill level 1 in Air Magic
  3920 | D:5      | Reached skill level 1 in Poison Magic
  4016 | D:5      | Found a glowing drain.
  4075 | Sewer    | Entered a sewer
  4182 | Sewer    | Gained mutation: Your magical capacity is low. (-10% MP)
                  | [potion of mutation]
  4182 | Sewer    | Gained mutation: You are resistant to electric shocks.
                  | (rElec) [potion of mutation]
  4182 | Sewer    | Gained mutation: Your spells are a little harder to cast,
                  | but a little more powerful. [potion of mutation]
  4336 | Sewer    | Reached XP level 6. HP: 39/39 MP: 8/8
  4525 | Sewer    | Found an ancient bone altar of Kikubaaqudgha.
  4831 | Sewer    | HP: 2/41 [poisoned by a kobold brigand]
  4832 | Sewer    | Mangled by a kobold brigand

Illustrated notes

Levels and vault maps discovered:
D:1:      beargit_arrival_greenhouse, layout_loops_ring
D:2:      layout_loops_ring, serial_shops, shop, serial_rivers,
          chequers_serial_rivers_small_3, chequers_serial_rivers_room_a,
          chequers_serial_rivers_small_3, chequers_serial_rivers_micro_e,
          chequers_serial_rivers_small_a, chequers_serial_rivers_marsh,
          basic_altar
D:3:      layout_rooms, serial_shops, nicolae_shop_advertising_works
          [nicolae_subvault_shop_adworks], nicolae_shop_overgrown_old_shop,
          shop, shop, shop, uniq_grinder
D:4:      layout_loops_cross, gammafunk_ghost_grave, serial_shops,
          nicolae_shop_trees, chequers_serial_rivers_micro_a
D:5:      layout_gridville, portal_sewer_entry_d, serial_shops,
          nicolae_shop_crystal
Sewer:    kennysheep_sewer_church

Skill      XL: |  1  2  3  4  5  6 |
---------------+-------------------+-----
Stealth        | 1 2 |  2.7
Fighting       | 2 |  2.5
Spellcasting   | 2 |  2.3
Air Magic      | 1 2 |  2.0
Poison Magic   | 2 |  2.4
Crossbows      | |  2.9
Dodging        | |  2.9
Hexes          | |  3.0

Action                   |  1- 3 |  4- 6 || total
-------------------------+-------+-------++-------
Melee: Dagger            |       |   100 ||   100
       Constrict         |       |    26 ||    26
       Tentacles         |       |    17 ||    17
 Fire: Hand crossbow     |    71 |    50 ||   121
 Cast: Slow              |       |    15 ||    15
  Use: Scroll            |     1 |     3 ||     4
       Potion            |       |     4 ||     4
 Stab: Sleeping          |       |     6 ||     6
Armor: Skin              |     3 |     7 ||    10
Dodge: Dodged            |    12 |    69 ||    81

Table legend: (Time is in decaauts)
 A = Elapsed time spent in this place.
 B = Non-inter-level travel time spent in this place.
 C = Inter-level travel time spent in this place.
 D = Time resting spent in this place.
 E = Time spent auto-exploring this place.
 F = Levels seen in this place.
 G = Mean time per level.
                   A        B        C        D        E       F      G
               +--------+--------+--------+--------+--------+-----+--------+
         Total |   4872 |   4625 |    247 |   1428 |   1933 |   6 |  812.0 |
       Dungeon |   4116 |   3869 |    247 |    982 |   1894 |   5 |  823.2 |
         Sewer |    756 |    756 |      0 |    446 |     39 |   1 |  756.0 |
               +--------+--------+--------+--------+--------+-----+--------+

Top non-repeatable levels by time:
     D:3: 1344 daAuts
     D:2: 1064 daAuts
     D:1: 827 daAuts
   Sewer: 756 daAuts
     D:4: 462 daAuts
     D:5: 417 daAuts
